 Dungeon Crawl Stone Soup version 0.28.0-45-g0d030f2227 (webtiles) character file.

Game seed: 17875518011852659322

119 DuloT34 the Sneak (level 4, -6/21 HPs)
             Began as a Vampire Enchanter on May 24, 2022.
             Mangled by Natasha (7 damage)
             ... on level 3 of the Dungeon.
             The game lasted 00:05:03 (3116 turns).

DuloT34 the Sneak (Vampire Enchanter)               Turns: 3116, Time: 00:05:04

Health: -6/21      AC:  3    Str:  7      XL:     4   Next: 74%
Magic:  1/7        EV: 12    Int: 16 (17) God:
Gold:   96         SH:  0    Dex: 14 (16) Spells: 2/7 levels left

rFire   . . .      SeeInvis +   a - +1 dagger
rCold   + + .      Faith    .   (no shield)
rNeg    + + +      Spirit   .   b - +0 robe
rPois   ∞          Reflect  .   (no helmet)
rElec   .          Harm     .   j - +0 cloak
rCorr   .          Rampage  .   (no gloves)
Will    .....                   (no boots)
Stlth   +++++.....              (no amulet)
HPRegen 0.00/turn               (no ring)
MPRegen 0.10/turn               (no ring)

@: weak-willed, very slightly contaminated, bloodless, inhibited regen,
invisible
A: bloodless, fangs 3, see invisible, vampiric 2, [frail 1]
a: Bat Form, Revivify


You were on level 3 of the Dungeon.
You visited 1 branch of the dungeon, and saw 3 of its levels.

You collected 96 gold pieces.

Inventory:

Hand Weapons
 a - a +1 dagger (weapon)
Armour
 b - a +0 robe (worn)
 j - a +0 cloak (worn)
Wands
 l - a wand of mindburst (6)
 n - a wand of iceblast (4)
Scrolls
 i - 2 scrolls of identify
Potions
 d - 2 potions of flight
 e - a potion of attraction {unknown}
 f - a potion of magic {unknown}
 h - 2 potions of cancellation
 m - 2 potions of curing {unknown}
 o - a potion of brilliance {unknown}


   Skills:
 + Level 3.0 Short Blades
 + Level 2.2 Dodging
 + Level 6.1 Stealth
 - Level 2.0 Spellcasting
 + Level 5.8 Hexes


You had 2 spell levels left.
You knew the following spells:

 Your Spells              Type           Power      Damage    Failure   Level
a - Ensorcelled Hibernat  Hex/Ice        22%        N/A       10%         2
b - Confusing Touch       Hex            20%        N/A       5%          3

Your spell library contained the following spells:

 Spells                   Type           Power      Damage    Failure   Level
 Tukima's Dance           Hex            20%        N/A       5%          3
 Dazzling Flash           Conj/Hex       22%        N/A       19%         3


Dungeon Overview and Level Annotations

Branches:
Dungeon (3/15)

Altars:
Qazlal
Yredelemnul

Annotations:
D:3 1 runed translucent door, Natasha


Innate Abilities, Weirdness & Mutations

You do not regenerate when monsters are visible.
You are frail without blood (-20% HP).
You can heal yourself when you bite living creatures.
You are immune to poison.
You have razor-sharp teeth.
You have supernaturally acute eyesight. (SInv)
You are afflicted with vampirism and can become a bat while bloodless.
[You are frail. (-10% HP)]


Message History

Aiming: Ensorcelled Hibernation (safe; 10% risk of failure)
Press: ? - help, Shift-Dir - straight line, f - Natasha
Aim: Natasha (wandering, hasn't noticed you, chance to affect: 45%) Natasha hisses angrily.
Natasha resists with some effort.
Natasha mumbles some strange words.
Casting: Ensorcelled Hibernation (safe; 10% risk of failure)
Confirm with . or Enter, or press ? or * to list all spells.
Aiming: Ensorcelled Hibernation (safe; 10% risk of failure)
Press: ? - help, Shift-Dir - straight line, f/p - Natasha
Aim: Natasha (chance to affect: 45%) Natasha resists with some effort.
Casting: Ensorcelled Hibernation (safe; 10% risk of failure)
Confirm with . or Enter, or press ? or * to list all spells.
Aiming: Ensorcelled Hibernation (safe; 10% risk of failure)
Press: ? - help, Shift-Dir - straight line, f/p - Natasha
Aim: Natasha (chance to affect: 45%)
You miscast Ensorcelled Hibernation.
You are very lightly contaminated with residual magic.
Nothing appears to happen.
Casting: Ensorcelled Hibernation (safe; 10% risk of failure)
Confirm with . or Enter, or press ? or * to list all spells.
You don't have enough magic to cast this spell.
You miss Natasha. You bite Natasha, but do no damage. Natasha claws you.
You hit Natasha.
Natasha is lightly wounded.
Natasha claws you.
Okay, then.
As you read the scroll labelled LAROKH CUXE, it crumbles to dust.
You feel aware of your surroundings.
You sensed 1 shop/portal.
It was a scroll of magic mapping.
Natasha claws you.
As you read the scroll labelled HOTULL JIERGH, it crumbles to dust.
Magic quickly surges around you.
It was a scroll of vulnerability.
Natasha mumbles some strange words.
Natasha shimmers violently.
Natasha claws you.
* * * LOW HITPOINT WARNING * * *
You fade into invisibility!
Natasha claws you!
You die...

#.#.#.#......#,,***
#.#.#.#.....w#,,,,*
#.#.#.#......#*,*,*
#.#.#.....#.....#,*
#...#.#####......,*
##..#.....#,#####**
####..#.###5#,,,*
#.........#h#**,*
#.........#@# *,*
#.........#w# *,*****
#.........#.# *,,,,,*
#####.#.###.#######,*
#...###.......#,*
##......###.###,*
#..###.#.#,,,,,*
####.>###.#.###****
#.........#<..#


You could see a worm (weak-willed), an iron imp (summoned, weak-willed) and
Natasha (weak-willed).

Vanquished Creatures
  Ijyb (D:3)
  A human skeleton (D:3)
  An adder (D:2)
  A worm (D:2)
  A dart slug (D:1)
  An orc (D:3)
  5 ball pythons
  4 bats
  8 endoplasms
  14 giant cockroaches
  3 hobgoblins
  A frilled lizard (D:2)
  2 goblins
  2 kobolds
  5 rats
50 creatures vanquished.

Notes
Turn   | Place    | Note
-------+----------+-------------------------------------------
     0 | D:1      | DuloT34 the Vampire Enchanter began the quest for the Orb.
     0 | D:1      | Reached XP level 1. HP: 13/13 MP: 3/3
   473 | D:1      | Reached XP level 2. HP: 10/19 MP: 5/5
  1009 | D:1      | Reached skill level 5 in Stealth
  1283 | D:2      | Found a stormy altar of Qazlal.
  1299 | D:2      | Reached skill level 5 in Hexes
  1309 | D:2      | Learned a level 2 spell: Ensorcelled Hibernation
  1649 | D:2      | Gained mutation: You are afflicted with vampirism and can
                  | become a bat while bloodless. [Vampire growth]
  1649 | D:2      | Reached XP level 3. HP: 19/19 MP: 6/6
  1655 | D:2      | Learned a level 3 spell: Confusing Touch
  2177 | D:2      | Noticed an eye of devastation
  2182 | D:2      | Found a faded altar of an unknown god.
  2190 | D:2      | Noticed a floating eye
  2252 | D:2      | Noticed a great orb of eyes
  2252 | D:2      | Noticed a floating eye
  2675 | D:3      | Noticed a human
  2675 | D:3      | Found a runed translucent door.
  2689 | D:3      | Reached XP level 4. HP: 13/21 MP: 7/7
  2694 | D:3      | Found a basalt altar of Yredelemnul.
  2869 | D:3      | Noticed Ijyb
  2876 | D:3      | Killed Ijyb
  2877 | D:3      | Reached skill level 6 in Stealth
  3045 | D:3      | Noticed Natasha
  3115 | D:3      | HP: 1/21 [Natasha (6)]
  3116 | D:3      | Mangled by Natasha

Illustrated notes

Levels and vault maps discovered:
D:1:      eino_arrival_water_star, layout_basic
D:2:      minmay_roachtagon, layout_rooms, basic_altar,
          hellmonk_ecumenical_altar_watching_god, kennysheep_generic_room_14
D:3:      layout_basic, dk_yredelemnul_ordeal, serial_shops, shop_statue,
          uniq_ijyb, uniq_jessica, uniq_natasha

Skill      XL: |  1  2  3  4 |
---------------+-------------+-----
Stealth        | 5 6 |  6.1
Short Blades   | 2 3 |  3.0
Hexes          | 5 |  5.8
Dodging        | |  2.2
Spellcasting   | |  2.0

Action                   |  1- 3 |  4- 6 || total
-------------------------+-------+-------++-------
Melee: Dagger            |   132 |    21 ||   153
       Bite              |    17 |     2 ||    19
       Punch             |     2 |       ||     2
 Cast: Ensorcelled Hiber |     7 |     9 ||    16
 Abil: Exsanguinate      |     2 |       ||     2
       Bat Form          |     1 |       ||     1
       Revivify          |     1 |       ||     1
  Use: Scroll            |     3 |     2 ||     5
       Potion            |       |     1 ||     1
 Stab: Sleeping          |    22 |     8 ||    30
Armor: Robe              |    17 |     1 ||    18
Dodge: Dodged            |    76 |     2 ||    78
